 Dungeon Crawl Stone Soup version 0.21.1-1-g345015fe64 (webtiles) character file.

916 Kohma the Spear-Bearer (level 8, -1/56 HPs)
             Began as a Merfolk Gladiator on June 9, 2018.
             Was a Follower of Trog.
             Slain by an ogre
             ... wielding a +0 giant spiked club
              (15 damage)
             ... on level 5 of the Dungeon.
             The game lasted 00:19:35 (4643 turns).

Kohma the Spear-Bearer (Merfolk Gladiator)          Turns: 4643, Time: 00:19:35

Health: -1/56      AC:  8    Str: 15    XL:     8   Next: 9%
Magic:  8/8        EV: 13    Int:  7    God:    Trog [*.....]
Gold:   173        SH: 10    Dex: 17    Spells: 7/7 levels left

rFire    . . .     SeeInvis .   a - +2 trident
rCold    . . .     Gourm    .   z - +3 warlock's mirror {reflect}
rNeg     . . .     Faith    .   b - +0 leather armour
rPois    +         Spirit   .   c - +2 helmet
rElec    .         Reflect  +   C - scarf {cloud immunity}
rCorr    .         Harm     .   y - +0 pair of gloves
MR       .....                  q - +0 pair of boots
Stlth    +.........             v - +3 amulet of reflection
HPRegen  0.18/turn              s - ring of poison resistance
MPRegen  0.11/turn              (no ring)

@: no status effects
A: change form in water, swift swim, stealthy swim
a: Berserk, Burn Spellbooks, Renounce Religion


You were on level 5 of the Dungeon.
You worshipped Trog.
Trog was aware of your devotion.
You were not hungry.

You visited 1 branch of the dungeon, and saw 6 of its levels.

You collected 173 gold pieces.

Inventory:

Hand Weapons
 a - a +2 trident (weapon)
Missiles
 d - 2 throwing nets (quivered)
Armour
 b - a +0 leather armour (worn)
 c - a +2 helmet (worn)
 e - a +0 leather armour
 g - a +0 leather armour
 o - a +0 leather armour
 p - a +0 cloak
 q - a +0 pair of boots (worn)
 w - a +0 leather armour
 x - a +0 leather armour
 y - a +0 pair of gloves (worn)
 z - the +3 warlock's mirror (worn) {reflect}
   (You acquired it on level 6 of the Dungeon)
 A - a +0 leather armour
 C - a scarf of cloud immunity (worn)
 E - a +0 leather armour
Jewellery
 i - an uncursed ring of ice
 s - a ring of poison resistance (left hand)
 v - a +3 amulet of reflection (around neck)
Wands
 B - a wand of enslavement (19)
Scrolls
 h - a scroll of teleportation
 t - 2 scrolls of fog
Potions
 j - a potion of invisibility {unknown}
 k - 2 potions of lignification
 l - 2 potions of heal wounds
 m - a potion of brilliance {unknown}
 n - 2 potions of might
 r - a potion of flight {unknown}
 u - 2 potions of mutation {unknown}
 D - a potion of curing {unknown}
Comestibles
 f - 4 rations


   Skills:
 - Level 2.2 Fighting
 * Level 12.9 Polearms
 - Level 2.0 Throwing
 - Level 4.0 Dodging


You had 7 spell levels left.
You didn't know any spells.

Dungeon Overview and Level Annotations

Branches:
Dungeon (6/15)
 Temple: D:4-7

Altars:
Cheibriados
Sif Muna
Trog
Wu Jian


Message History

The bullfrog is almost dead.
You block the bullfrog's attack.
You puncture the bullfrog!
You kill the bullfrog!
Trog accepts your kill.
You hit the ogre.
The ogre is lightly wounded.
The ogre hits you but does no damage.
You hit the ogre.
The ogre is moderately wounded.
You barely miss the ogre.
The ogre is moderately wounded.
The ogre hits you with a giant spiked club.
* * * LOW HITPOINT WARNING * * *
You puncture the ogre!
The ogre is heavily wounded.
You hit the ogre.
The ogre is severely wounded.
The ogre hits you with a giant spiked club!
You die...

.. ##.## #.# ##.###### # #.
#...#### #.# ##..# ####
#.#.
#.#....###.###...###... .#.
#. #..........##.....##.##
..
...##...##...............##
#.##
#.#...........####........
#..# #.........###.#
#.####### #<# #.#.....#O#
#.# #.# #.# #.##...##@# #.#
##+## # ... .
##..##.###.###...## # ##.##
##>.......##.....## # #.#
###..#####.......## # #.#
#...# #.........### ...
............+.........'..
#.#
######...####.........###
##..# ##...†...## # ##.#
##.....##


You could see an ogre.

Vanquished Creatures
  3 ogres (D:4)
  2 bullfrogs (D:5)
  2 scorpions
  2 orc wizards
  3 worker ants (D:4)
  Natasha (thrice) (D:4)
  3 gnolls (D:4)
  7 adders
  2 oozes
  An adder skeleton (D:4)
  4 worms
  A dart slug (D:1)
  3 leopard geckos
  15 orcs
  6 giant cockroaches
  9 hobgoblins
  8 jackals
  5 quokkas
  7 bats
  6 frilled lizards
  11 goblins
  6 kobolds
  A quokka zombie (D:5)
  9 rats
119 creatures vanquished.

Notes
Turn   | Place    | Note
-------+----------+-------------------------------------------
     0 | D:1      | Kohma the Merfolk Gladiator began the quest for the Orb.
     0 | D:1      | Reached XP level 1. HP: 16/16 MP: 1/1
   445 | D:1      | Reached skill level 5 in Polearms
   445 | D:1      | Reached XP level 2. HP: 22/22 MP: 2/2
  1079 | D:1      | Reached XP level 3. HP: 24/27 MP: 3/3
  1141 | D:1      | Reached skill level 6 in Polearms
  1389 | D:2      | Reached XP level 4. HP: 25/33 MP: 4/4
  1390 | D:2      | Reached skill level 7 in Polearms
  1726 | D:2      | Found an ornate altar of the Wu Jian Council.
  2108 | D:3      | Reached XP level 5. HP: 28/38 MP: 5/5
  2126 | D:3      | Reached skill level 8 in Polearms
  2872 | D:3      | Found a snail-covered altar of Cheibriados.
  3035 | D:4      | Noticed Natasha
  3066 | D:4      | Killed Natasha
  3066 | D:4      | Reached skill level 9 in Polearms
  3108 | D:4      | Noticed Natasha
  3119 | D:4      | Killed Natasha
  3119 | D:4      | Reached XP level 6. HP: 34/44 MP: 6/6
  3197 | D:5      | Entered Level 5 of the Dungeon
  3222 | D:4      | Reached skill level 10 in Polearms
  3379 | D:4      | Noticed a moth of wrath
  3381 | D:4      | Found a bloodstained altar of Trog.
  3451 | D:4      | Became a worshipper of Trog the Wrathful
  3563 | D:4      | Noticed Natasha
  3582 | D:4      | Killed Natasha
  3582 | D:4      | Reached XP level 7. HP: 45/50 MP: 7/7
  3624 | D:4      | Reached skill level 11 in Polearms
  3901 | D:4      | Found a deep blue altar of Sif Muna.
  3911 | D:4      | Reached * piety under Trog
  3945 | D:4      | Reached skill level 12 in Polearms
  4447 | D:6      | Identified a scroll of acquirement
  4448 | D:6      | Found the +3 warlock's mirror {reflect}
  4622 | D:5      | Reached XP level 8. HP: 53/56 MP: 8/8
  4643 | D:5      | Slain by an ogre

Skill      XL: |  1  2  3  4  5  6  7 |
---------------+----------------------+-----
Polearms       | 5 6 7 9 10 12 | 12.9
Fighting       | |  2.2
Throwing       | |  2.0
Dodging        | |  4.0

Action                   |  1- 3 |  4- 6 |  7- 9 || total
-------------------------+-------+-------+-------++-------
Melee: Trident           |   129 |   222 |   116 ||   467
Throw: Throwing net      |       |     1 |       ||     1
  Use: Scroll            |       |    12 |     4 ||    16
 Stab: Sleeping          |       |     1 |     1 ||     2
       Distracted        |       |       |     1 ||     1
  Eat: Chunk             |     2 |     1 |     1 ||     4
       Ration            |       |     2 |     1 ||     3
Armor: Leather armour    |    33 |    51 |    15 ||    99
Dodge: Dodged            |    92 |   128 |    37 ||   257
Block: Buckler           |       |       |    16 ||    16
